 Dungeon Sprint DCSS version 0.29-a0-96-g93358da72b (webtiles) character file.

Game seed: 3656913058627483704

282 cyrus the Protected (level 6, -3/56 HPs)
             Began as a Formicid Fighter on Feb 11, 2022.
             Slain by a slime creature (10 damage)
             ... in the Dungeon (Sprint I: "Red Sonja").
             The game lasted 00:01:45 (816 turns).

cyrus the Protected (Formicid Fighter)               Turns: 816, Time: 00:01:47

Health: -3/56      AC:  8    Str: 23    XL:     6   Next: 54%
Magic:  6/6        EV: 10    Int:  7    God:
Gold:   309        SH:  5    Dex: 10    Spells: 5/5 levels left

rFire   . . .      SeeInvis +   a - +0 trident
rCold   . . .      Faith    .   c - +0 buckler
rNeg    . . .      Spirit   .   b - +0 scale mail
rPois   .          Reflect  .   (helmet unavailable)
rElec   .          Harm     .   (no cloak)
rCorr   .          Rampage  .   (no gloves)
Will    .....                   (no boots)
Stlth   ..........              (no amulet)
HPRegen 0.18/turn               (no ring)
MPRegen 0.10/turn               (no ring)

@: no status effects
A: permanent stasis, dig shafts and tunnels, antennae 3, four strong arms
a: Dig


You were in the Dungeon.
You visited 1 branch You collected 309 gold pieces.

Inventory:

Hand Weapons
 a - a +0 trident (weapon)
Armour
 b - a +0 scale mail (worn)
 c - a +0 buckler (worn)
Wands
 d - a wand of iceblast (12)
Scrolls
 f - a scroll of amnesia {unknown}
Potions
 g - 2 potions of magic


   Skills:
 + Level 7.8 Fighting
 + Level 5.6 Polearms
 + Level 8.6 Armour
 + Level 0.8 Dodging
 + Level 8.0 Shields


You had 5 spell levels left.
You didn't know any spells.
Your spell library was empty.

Dungeon Overview and Level Annotations

Branches:
Dungeon (1/1)

Altars:
Makhleb
Sif Muna
Vehumet
Wu Jian
Xom
Jiyva
Lugonu


Innate Abilities, Weirdness & Mutations

You cannot be hasted, slowed, berserked, paralysed or teleported.
You can dig through walls and to a lower floor.
You have a pair of large antennae on your head. (SInv)
Your four strong arms can wield two-handed weapons with a shield.


Message History

Found four altars.
The centaur warrior unwields a +0 shortbow.
The centaur warrior hits you. The centaur warrior barely misses you.
There is an open door, spattered with blood here.
You hit the centaur warrior but do no damage.
The centaur warrior hits you.
The centaur warrior kicks you but does no damage.
The slime creature closely misses you.
You barely miss the centaur warrior. The centaur warrior barely misses you.
The centaur warrior misses you. The centaur warrior closely misses you.
You block the centaur warrior's attack. The slime creature hits you!
You hit the centaur warrior.
The centaur warrior is lightly wounded.
The centaur warrior barely misses you.
The centaur warrior kicks you but does no damage.
You block the slime creature's attack.
You hit the centaur warrior.
The centaur warrior is lightly wounded.
The centaur warrior hits you!
The centaur warrior completely misses you.
The centaur warrior hits you! The centaur warrior barely misses you.
You block the slime creature's attack.
You feel better.
The centaur warrior hits you but does no damage.
The centaur warrior closely misses you. The slime creature hits you!
You puncture the centaur warrior!
The centaur warrior is lightly wounded.
The centaur warrior hits you!
* * * LOW HITPOINT WARNING * * *
You block the centaur warrior's attack.
The centaur warrior hits you but does no damage.
The centaur warrior kicks you but does no damage.
The slime creature misses you.
You hit the centaur warrior.
The centaur warrior is lightly wounded.
The centaur warrior hits you.
* * * LOW HITPOINT WARNING * * *
The centaur warrior kicks you but does no damage.
The slime creature hits you!
You die...

###################
#<.#..').#..'..#__#
#..').#..').#..J..+
#..#####'#####@#__#
#..#
#..#...#c####§(#
#..#
####..##.#§≈§.c#
#..# ##'#_.'≈≈≈.§+
#⌠⌠# {+..._#≈§{§§#
#### #_.#'##+####
##+#.# ### {


You could see a slime creature and a centaur warrior.

Vanquished Creatures
  Sigmund (D)
  An ogre (D)
  A jelly (D)
  Ijyb (D)
4 creatures vanquished.

Notes
Turn   | Place    | Note
-------+----------+-------------------------------------------
     0 | D        | cyrus the Formicid Fighter began the quest for the Orb.
     0 | D        | Reached XP level 1. HP: 18/18 MP: 1/1
     2 | D        | Noticed Ijyb
    10 | D        | Killed Ijyb
    11 | D        | Reached skill level 5 in Shields
    11 | D        | Reached XP level 2. HP: 19/26 MP: 2/2
    11 | D        | Reached XP level 3. HP: 23/31 MP: 3/3
    15 | D        | Noticed an ogre
    19 | D        | Killed an ogre
    20 | D        | Reached XP level 4. HP: 8/40 MP: 4/4
    20 | D        | Reached XP level 5. HP: 9/46 MP: 5/5
   374 | D        | Noticed Sigmund
   397 | D        | Killed Sigmund
   398 | D        | Reached skill level 5 in Polearms
   398 | D        | Reached XP level 6. HP: 42/56 MP: 6/6
   412 | D        | Found an ornate altar of the Wu Jian Council.
   412 | D        | Found a shimmering blue altar of Sif Muna.
   414 | D        | Found a radiant altar of Vehumet.
   777 | D        | Noticed a centaur warrior
   779 | D        | Noticed a centaur warrior
   808 | D        | Found a burning altar of Makhleb.
   808 | D        | Found a viscous altar of Jiyva.
   808 | D        | Found a shimmering altar of Xom.
   808 | D        | Found a corrupted altar of Lugonu.
   808 | D        | Noticed a slime creature
   816 | D        | Slain by a slime creature

Illustrated notes

Levels and vault maps discovered:
D:        dungeon_sprint_1 [red_sonja_temple_1, red_sonja_temple_small_1]

Skill      XL: |  1  2  3  4  5  6 |
---------------+-------------------+-----
Fighting       | 4 6 7 |  7.8
Armour         | 4 6 8 |  8.6
Shields        | 5 6 7 8 |  8.0
Polearms       | 4 5 |  5.6
Dodging        | |  0.8

Action                   |  1- 3 |  4- 6 || total
-------------------------+-------+-------++-------
Melee: Trident           |     9 |    25 ||    34
  Use: Potion            |     1 |     2 ||     3
Armor: Scale mail        |     2 |     8 ||    10
Dodge: Dodged            |     3 |    16 ||    19
Block: Buckler           |     2 |     8 ||    10

Table legend: (Time is in decaauts)
 A = Elapsed time spent in this place.
 B = Non-inter-level travel time spent in this place.
 C = Inter-level travel time spent in this place.
 D = Time resting spent in this place.
 E = Time spent auto-exploring this place.
 F = Levels seen in this place.
 G = Mean time per level.
                   A        B        C        D        E       F      G
               +--------+--------+--------+--------+--------+-----+--------+
         Total |    820 |    820 |      0 |    677 |      0 |   1 |  820.0 |
       Dungeon |    820 |    820 |      0 |    677 |      0 |   1 |  820.0 |
               +--------+--------+--------+--------+--------+-----+--------+

Top non-repeatable levels by time:
       D: 820 daAuts
